 Dungeon Crawl Stone Soup version 0.29-a0-1027-gcd8c55af63 (webtiles) character file.

Game seed: 16463870979628737764

15467 xian the Severer (level 12, -3/104 HPs)
             Began as a Hill Orc Fighter on Aug 13, 2022.
             Was a Priest of the Shining One.
             Slain by a centaur warrior simulacrum (23 damage)
             ... on level 11 of the Dungeon.
             The game lasted 00:31:54 (13397 turns).

xian the Severer (Hill Orc Fighter)                Turns: 13397, Time: 00:31:55

Health: -3/104     AC: 18    Str: 24    XL:     12   Next: 27%
Magic:  20/20      EV: 11    Int:  8    God:    the Shining One [***...]
Gold:   482        SH:  5    Dex: 10    Spells: 11/11 levels left

rFire   . . .      SeeInvis .   D - +4 broad axe (elec)
rCold   . . .      Faith    .   c - +0 buckler
rNeg    + . .      Spirit   .   y - +0 swamp dragon scales
rPois   +          Reflect  .   (no helmet)
rElec   .          Harm     .   j - +0 cloak
rCorr   +          Rampage  .   (no gloves)
Will    .....                   z - +2 pair of boots
Stlth   +.........              I - amulet of regeneration
HPRegen 1.07/turn               H - ring of resist corrosion
MPRegen 0.17/turn               h - +4 ring of protection

@: glowing
A: no striking features
a: Renounce Religion, Divine Shield, Cleansing Flame


You were on level 11 of the Dungeon.
You worshipped the Shining One.
The Shining One was most pleased with you.
You visited 2 branches of the dungeon, and saw 12 of its levels.

You collected 629 gold pieces.
You spent 147 gold pieces at shops.

Inventory:

Hand Weapons
 w - the +7 rapier of Somashry {protect, rElec rC+ rN+ SInv}
   (You found it on level 10 of the Dungeon)

   It grants its wielder temporary protection when it strikes (+7 to AC).
   rC:        It protects you from cold.
   rElec:     It insulates you from electricity.
   rN:        It protects you from negative energy.
   SInv:      It lets you see invisible.
 D - a +4 broad axe of electrocution (weapon)
Missiles
 i - 8 curare-tipped darts
 o - 23 poisoned darts (quivered)
 B - a throwing net
 K - 5 boomerangs
Armour
 c - a +0 buckler (worn)
 j - a +0 cloak (worn)
 y - +0 swamp dragon scales (worn)
 z - a +2 pair of boots (worn)
 R - a +2 troll leather armour {Snorg}
Jewellery
 h - a +4 ring of protection (right hand)
 v - an amulet of magic regeneration
 H - a ring of resist corrosion (left hand)
 I - an amulet of regeneration (around neck)
 M - a ring of protection from cold
 O - an amulet of guardian spirit
Wands
 u - a wand of iceblast (11)
 E - a wand of flame (12)
 F - a wand of paralysis (12)
 J - a wand of polymorph (4)
 L - a wand of quicksilver (3)
Scrolls
 b - a scroll of brand weapon
 e - a scroll of summoning
 g - 2 scrolls of poison
 l - a scroll of fear
 n - 2 scrolls of blinking {unknown}
 r - 3 scrolls of fog
 s - 4 scrolls of vulnerability {unknown}
 t - a scroll of teleportation
 C - 2 scrolls of enchant weapon {unknown}
 G - 4 scrolls of magic mapping {unknown}
 N - a scroll of amnesia {unknown}
 Q - 2 scrolls of noise {unknown}
Potions
 a - 3 potions of cancellation {unknown}
 d - a potion of might
 f - a potion of brilliance
 k - 2 potions of heal wounds
 m - 2 potions of ambrosia
 p - 3 potions of flight
 q - 5 potions of curing
 x - 2 potions of magic {unknown}
 A - 2 potions of haste
 P - a potion of attraction {unknown}


   Skills:
 + Level 9.3 Fighting
 + Level 15.4 Axes
 + Level 3.8 Throwing
 + Level 8.8 Armour
 + Level 2.9 Dodging
 + Level 1.1 Stealth
 + Level 6.3 Shields
 * Level 11.7 Invocations


You had 11 spell levels left.
You didn't know any spells.
Your spell library contained the following spells:

 Spells                   Type           Power      Damage    Failure   Level
 Foxfire                  Conj/Fire      0%         2x1d4     63%         1
 Sandblast                Erth           0%         2d4       63%         1
 Summon Small Mammal      Summ           0%         N/A       63%         1
 Passwall                 Tmut/Erth      0%         N/A       77%         2
 Static Discharge         Conj/Air       0%         3-3/arc   77%         2
 Call Canine Familiar     Summ           0%         N/A       94%         3
 Conjure Flame            Conj/Fire      0%         6-21      94%         3
 Dazzling Flash           Conj/Hex       0%         N/A       94%         3
 Ignite Poison            Fire/Tmut/Pois 0%         N/A       94%         3
 Inner Flame              Hex/Fire       0%         N/A       94%         3
 Mephitic Cloud           Conj/Pois/Air  0%         N/A       94%         3
 Stone Arrow              Conj/Erth      0%         3d7       94%         3
 Summon Guardian Golem    Hex/Summ       0%         N/A       94%         3
 Flame Wave               Conj/Fire      0%         2d4       100%        4
 Leda's Liquefaction      Hex/Erth       0%         N/A       100%        4
 Agony                    Necr           0%         N/A       100%        5
 Freezing Cloud           Conj/Ice/Air   0%         6-21      100%        5
 Lee's Rapid Deconstruct  Erth           0%         3d5*      100%        5
 Lightning Bolt           Conj/Air       0%         1d11      100%        5
 Silence                  Hex/Air        0%         N/A       100%        5
 Statue Form              Tmut/Erth      0%         N/A       100%        6
 Maxwell's Capacitive Co  Air            0%         ∞         100%        8


Dungeon Overview and Level Annotations

Branches:
Dungeon (11/15)            Temple (1/1) D:6            Lair (0/5) D:8
    Orc (0/2) D:9

Altars:
Ashenzari
Cheibriados
Dithmenos
Elyvilon
Fedhas
Gozag
Hepliaklqana
Kikubaaqudgha
Makhleb
Nemelex Xobeh
Okawaru
Qazlal
Ru
Sif Muna
Trog
Uskayaw
Vehumet
Wu Jian
Xom
Yredelemnul
Zin
The Shining One

Shops:
D:2 =   D:3 *   D:6 *


Message History

You slash the boggart simulacrum!
The boggart simulacrum vaporises!
The Shining One accepts your kill.
Really walk into that cloud of freezing vapour? [Y]es or [N]o only, please.
Really walk into that cloud of freezing vapour? [Y]es or [N]o only, please.
Really walk into that cloud of freezing vapour? [Y]es or [N]o only, please.
Really walk into that cloud of freezing vapour?
Okay, then.
The centaur warrior simulacrum closely misses you.
The centaur warrior simulacrum kicks you but does no damage.
You block the centaur warrior simulacrum's attack.
The centaur warrior simulacrum barely misses you.
You slash the centaur warrior simulacrum!
The centaur warrior simulacrum is moderately damaged.
You slash the centaur warrior simulacrum!
Lightning courses through the centaur warrior simulacrum!
The centaur warrior simulacrum hits you but does no damage.
You block the centaur warrior simulacrum's attack.
The centaur warrior simulacrum hits you.
The centaur warrior simulacrum freezes you!!
You block the centaur warrior simulacrum's attack.
The centaur warrior simulacrum hits you but does no damage.
The centaur warrior simulacrum completely misses you.
The centaur warrior simulacrum closely misses you.
The centaur warrior simulacrum completely misses you.
The centaur warrior simulacrum hits you but does no damage.
The centaur warrior simulacrum kicks you.
The centaur warrior simulacrum freezes you!!
The centaur warrior simulacrum hits you.
The centaur warrior simulacrum freezes you!!
* * * LOW HITPOINT WARNING * * *
The centaur warrior simulacrum barely misses you.
The centaur warrior simulacrum attacks as you move away!
The centaur warrior simulacrum hits you.
* * * LOW HITPOINT WARNING * * *
The centaur warrior simulacrum freezes you!!
You die...

#.#.≈≈..## ###.##≈≈...## .
#.....≈≈≈...## ..
#......≈~≈...#########...
.####.......≈≈≈≈≈~≈≈≈≈≈≈≈Z≈≈≈
....#....#8..≈≈≈≈≈~≈≈≈≈≈Z≈≈≈≈
................####..Z......
##......####ZZ......######..
.#######...# #@#........#
.......'...# #.########.#
#########...####.# .#
............'.##.# #
#########...#.##.#
#...#.##.#### #####.##....#
#.#####.# #.#####.#


You could see 2 centaur warrior simulacra.

Vanquished Creatures
  Snorg (D:10)
  Fannar (D:10)
  3 two-headed ogres
  Sonja (D:10)
  Nergalle (D:10)
  2 ugly things (D:10)
  2 cyclopes (D:10)
  A spectral centaur (D:11)
  A centaur zombie (D:11)
  Maurice (D:10)
  A centaur skeleton (D:11)
  Maggie (D:8)
  4 trolls
  2 slime creatures (D:10)
  Sigmund (D:6)
  7 flying skulls (D:11)
  A wraith (D:9)
  A vampire (D:10)
  2 humans (D:8)
  8 yaks
  2 steam dragons
  2 vampire mosquitoes (D:11)
  3 acid dragons
  5 water moccasins
  Duvessa (D:7)
  2 orc warriors
  2 black bears (D:8)
  2 ogres
  2 centaurs
  3 kobold brigands
  8 bullfrogs
  A scorpion (D:5)
  3 wights (D:6)
  Dowan (D:7)
  2 electric eels (D:8)
  A howler monkey (D:10)
  A hound (D:5)
  Crazy Yiuf (D:2)
  A jelly (D:7)
  4 orc priests
  3 iguanas
  7 orc wizards
  Natasha (thrice) (D:2)
  A hell rat (D:11)
  2 boggart simulacra (D:11)
  4 gnolls (D:6)
  4 adders
  A shadow imp (D:7)
  2 white imps (D:7)
  A worm (D:2)
  A dart slug (D:1)
  15 orcs
  5 ball pythons
  7 endoplasms
  5 giant cockroaches
  4 goblins
  7 hobgoblins
  14 kobolds
  3 quokkas (D:4)
  5 bats
  2 frilled lizards
  6 rats
191 creatures vanquished.

Vanquished Creatures (others)
  39 fungi (D:8)
  38 plants (D:8)
77 creatures vanquished.

Grand Total: 268 creatures vanquished

Notes
Turn   | Place    | Note
-------+----------+-------------------------------------------
     0 | D:1      | xian the Hill Orc Fighter began the quest for the Orb.
     0 | D:1      | Reached XP level 1. HP: 19/19 MP: 1/1
   103 | D:1      | Reached XP level 2. HP: 16/27 MP: 2/2
   332 | D:1      | Reached skill level 1 in Invocations
   785 | D:1      | Found a faded altar of an unknown god.
   857 | D:1      | Reached XP level 3. HP: 33/33 MP: 3/3
  1181 | D:2      | Reached skill level 3 in Axes
  1399 | D:2      | Found a runed translucent door.
  1400 | D:2      | Noticed Crazy Yiuf
  1952 | D:2      | Noticed Natasha
  1965 | D:2      | Killed Natasha
  1966 | D:2      | Reached XP level 4. HP: 21/40 MP: 5/5
  2443 | D:2      | Found Woasikk's Jewellery Shoppe.
  2452 | D:2      | Noticed Natasha
  2467 | D:2      | Killed Natasha
  2468 | D:2      | Reached skill level 4 in Axes
  2468 | D:2      | Reached XP level 5. HP: 36/47 MP: 6/6
  2560 | D:2      | Noticed Natasha
  2570 | D:2      | Killed Natasha
  2717 | D:2      | Killed Crazy Yiuf
  3044 | D:3      | Found Zuoj's Assorted Antiques.
  3912 | D:3      | Noticed an ogre
  3921 | D:3      | Killed an ogre
  3922 | D:3      | Reached skill level 5 in Fighting
  3922 | D:3      | Reached skill level 5 in Axes
  3922 | D:3      | Reached XP level 6. HP: 9/56 MP: 6/8
  4735 | D:4      | Found a broken altar of Ashenzari.
  4959 | D:4      | Found an ancient bone altar of Kikubaaqudgha.
  5153 | D:5      | Entered Level 5 of the Dungeon
  5302 | D:5      | Found a hide-covered altar of Uskayaw.
  5321 | D:5      | Reached XP level 7. HP: 61/61 MP: 9/9
  5430 | D:5      | Reached skill level 6 in Axes
  5923 | D:5      | Found a snail-covered altar of Cheibriados.
  5924 | D:5      | Found a burning altar of Makhleb.
  6476 | D:6      | Reached skill level 5 in Armour
  6549 | D:6      | Found Osic's Assorted Antiques.
  6557 | D:6      | Bought a glowing broad axe for 147 gold pieces
  6720 | D:6      | Reached skill level 7 in Axes
  6722 | D:6      | Reached XP level 8. HP: 51/69 MP: 11/11
  6837 | D:6      | Noticed Sigmund
  6852 | D:6      | Killed Sigmund
  6853 | D:6      | Reached skill level 1 in Dodging
  6885 | D:6      | Reached skill level 1 in Throwing
  6963 | D:6      | Found a staircase to the Ecumenical Temple.
  7054 | Temple   | Entered the Ecumenical Temple
  7054 | Temple   | Found a transporter.
  7054 | Temple   | Found a transporter.
  7056 | Temple   | Found a transporter.
  7056 | Temple   | Found a transporter.
  7152 | Temple   | Became a worshipper of the Shining One
  7550 | D:7      | Reached skill level 5 in Invocations
  7639 | D:7      | Noticed Duvessa
  7639 | D:7      | Noticed Dowan
  7643 | D:7      | Killed Dowan
  7655 | D:7      | Killed Duvessa
  8195 | D:7      | Reached skill level 8 in Axes
  8680 | D:8      | Noticed a two-headed ogre
  8689 | D:8      | Killed a two-headed ogre
  8690 | D:8      | Reached skill level 9 in Axes
  8690 | D:8      | Reached XP level 9. HP: 17/78 MP: 14/14
  8751 | D:8      | Reached skill level 10 in Axes
  9115 | D:8      | Reached skill level 5 in Shields
  9263 | D:8      | Found a staircase to the Lair.
  9309 | D:8      | Reached * piety under the Shining One
  9551 | D:8      | Reached skill level 11 in Axes
  9551 | D:8      | Reached XP level 10. HP: 80/86 MP: 16/16
 10325 | D:8      | Noticed Maggie
 10333 | D:8      | Killed Maggie
 10771 | D:8      | Found an iron altar of Okawaru.
 10902 | D:9      | Reached skill level 12 in Axes
 11058 | D:9      | Noticed a two-headed ogre
 11064 | D:9      | Killed a two-headed ogre
 11247 | D:9      | Found a staircase to the Orcish Mines.
 11328 | D:9      | Noticed a cyclops
 11328 | D:9      | Noticed a fire dragon
 11330 | D:9      | Noticed a cyclops
 11331 | D:9      | Noticed a deep elf pyromancer
 11336 | D:9      | Noticed a two-headed ogre
 11338 | D:9      | Noticed a centaur warrior
 11338 | D:9      | Noticed a cyclops
 11338 | D:9      | Noticed a boulder beetle
 11339 | D:9      | Noticed a centaur warrior
 11339 | D:9      | Noticed a four-headed hydra
 11693 | D:10     | Entered Level 10 of the Dungeon
 11730 | D:10     | Reached XP level 11. HP: 63/94 MP: 18/18
 11771 | D:10     | Found a large runed translucent door.
 11838 | D:10     | Found a large runed translucent door.
 11838 | D:10     | Found a large runed translucent door.
 11840 | D:10     | Noticed a cyclops
 11849 | D:10     | Reached skill level 13 in Axes
 11850 | D:10     | Killed a cyclops
 11851 | D:10     | Reached skill level 10 in Invocations
 11851 | D:10     | Found a large runed translucent door.
 11902 | D:10     | Noticed a two-headed ogre
 11917 | D:10     | Killed a two-headed ogre
 11935 | D:10     | Identified the +4 leather armour "Kereuche" {-Tele Rampage
                  | rF+}
 11983 | D:10     | Noticed Maurice
 11987 | D:10     | Killed Maurice
 11994 | D:10     | Reached ** piety under the Shining One
 11994 | D:10     | Noticed a cyan ugly thing
 12005 | D:10     | Killed a cyan ugly thing
 12057 | D:10     | Identified the +7 rapier of Somashry {protect, rElec rC+
                  | rN+ SInv}
 12110 | D:10     | Noticed Fannar
 12148 | D:10     | Killed Fannar
 12149 | D:10     | Reached skill level 14 in Axes
 12205 | D:10     | Found a shimmering altar of Xom.
 12272 | D:10     | Noticed Sonja
 12278 | D:10     | Noticed Snorg
 12288 | D:10     | Killed Snorg
 12299 | D:10     | Killed Sonja
 12439 | D:10     | Noticed Nergalle
 12444 | D:10     | Noticed a cyclops
 12450 | D:10     | Killed Nergalle
 12455 | D:10     | Killed a cyclops
 12659 | D:10     | Noticed a cyan ugly thing
 12676 | D:10     | Killed a cyan ugly thing
 12681 | D:10     | Reached XP level 12. HP: 57/103 MP: 20/20
 13127 | D:11     | Reached skill level 1 in Stealth
 13129 | D:11     | Reached skill level 15 in Axes
 13275 | D:11     | Reached *** piety under the Shining One
 13397 | D:11     | Slain by a centaur warrior simulacrum

Illustrated notes

Levels and vault maps discovered:
D:1:      spicycebolla_green_bress_n_ham_2, layout_basic,
          chequers_ecumenical_altar_simple_redux
D:2:      layout_loops_ring, serial_shops, shop_statue, uniq_natasha,
          uniq_crazy_yiuf_cottage
D:3:      layout_basic, serial_shops, shop, serial_aquarium,
          aquarium_bridge_square [aquarium_subvault_wall,
          aquarium_subvault_wall, aquarium_subvault_wall,
          aquarium_subvault_bridge], aquarium_window_2, aquarium_window_fake,
          aquarium_window_2, aquarium_view_2f, aquarium_view_2b,
          aquarium_balcony_3a, aquarium_pool_2, columned_hall_lemuel,
          nrook_mini_vaults
D:4:      layout_cave_pools, nicolae_ashenzari_panopticon,
          mainiacjoe_overflow_alcove_4
D:5:      layout_loops_ring, nicolae_uskayaw_murder_on_the_dancefloor,
          mainiacjoe_overflow_divided_tiny
D:6:      layout_basic, lemuel_temple_firewalk_b, serial_shops,
          nicolae_shop_stone, palyth_stone_intersect, uniq_sigmund
D:7:      layout_loops_ring, uniq_duvessa
D:8:      layout_basic, okawaru_humans, due_lair_maze_entry_diamond, uniq_maggie
D:9:      layout_small_grid, orc_0_dummy, supply_closet_lemuel, minivault_12
D:10:     layout_roguey, mainiacjoe_overflow_chevrons, serial_rivers,
          chequers_serial_rivers_room_b, chequers_serial_rivers_large_a,
          chequers_serial_rivers_room_a, chequers_serial_rivers_micro_b,
          chequers_serial_rivers_micro_c, chequers_serial_rivers_room_a,
          minmay_hollow_rounded_squares, uniq_maurice, uniq_fannar, uniq_snorg,
          uniq_sonja, uniq_nergalle
D:11:     lemuel_vampire_tower, layout_basic, nicolae_shop_firing_range
Temple:   hellmonk_temple_divided_pantheon

Skill      XL: |  1  2  3  4  5  6  7  8  9 10 11 12 |
---------------+-------------------------------------+-----
Invocations    | 1 2 3 4 7 8 9 11 | 11.7
Fighting       | 4 5 6 7 8 9 |  9.3
Axes           | 3 4 5 7 9 11 12 14 15 | 15.4
Armour         | 4 5 6 7 8 |  8.8
Shields        | 4 5 6 |  6.3
Dodging        | 1 2 |  2.9
Throwing       | 1 2 3 |  3.8
Stealth        | 1 |  1.1

Action                   |  1- 3 |  4- 6 |  7- 9 | 10-12 || total
-------------------------+-------+-------+-------+-------++-------
Melee: War axe           |   110 |   138 |    48 |       ||   296
       Broad axe         |       |       |   129 |   240 ||   369
Throw: Dart              |       |     1 |    18 |    42 ||    61
Invok: Divine Shield     |       |       |       |     1 ||     1
  Use: Scroll            |       |     4 |     5 |     3 ||    12
       Potion            |       |     1 |     2 |     1 ||     4
Armor: Scale mail        |    13 |       |       |       ||    13
       Chain mail        |    51 |    96 |    89 |    10 ||   246
       Swamp dragon scal |       |       |       |   115 ||   115
Dodge: Dodged            |    38 |    50 |    68 |   121 ||   277
Block: Buckler           |    23 |    38 |    38 |    71 ||   170

Table legend: (Time is in decaauts)
 A = Elapsed time spent in this place.
 B = Non-inter-level travel time spent in this place.
 C = Inter-level travel time spent in this place.
 D = Time resting spent in this place.
 E = Time spent auto-exploring this place.
 F = Levels seen in this place.
 G = Mean time per level.
                   A        B        C        D        E       F      G
               +--------+--------+--------+--------+--------+-----+--------+
         Total |  13564 |  12940 |    624 |    238 |   9943 |  12 | 1130.3 |
       Dungeon |  13412 |  12788 |    624 |    238 |   9941 |  11 | 1219.3 |
        Temple |    152 |    152 |      0 |      0 |      2 |   1 |  152.0 |
               +--------+--------+--------+--------+--------+-----+--------+

Top non-repeatable levels by time:
     D:8: 2323 daAuts
     D:2: 1962 daAuts
    D:10: 1503 daAuts
     D:3: 1391 daAuts
     D:6: 1304 daAuts
     D:1: 1165 daAuts
     D:7: 1073 daAuts
     D:5: 924 daAuts
     D:9: 835 daAuts
     D:4: 743 daAuts
    D:11: 184 daAuts
  Temple: 152 daAuts
